 Dungeon Crawl Stone Soup version 0.30-a0-118-ga018f8e90f (webtiles) character file.

Game seed: 15451268282844276796

44 Iusername the Covered (level 3, -3/33 HPs)
             Began as a Minotaur Fighter on Sept 13, 2022.
             Slain by Natasha (6 damage)
             ... on level 2 of the Dungeon.
             The game lasted 00:01:30 (1021 turns).

Iusername the Covered (Minotaur Fighter)            Turns: 1021, Time: 00:01:31

Health: -3/33      AC:  7    Str: 20    XL:     3   Next: 39%
Magic:  2/2        EV:  9    Int:  7    God:
Gold:   33         SH:  4    Dex:  9    Spells: 2/2 levels left

rFire   . . .      SeeInvis .    a - +0 long sword
rCold   . . .      Faith    .    c - +0 buckler
rNeg    . . .      Spirit   .    b - +0 scale mail
rPois   .          Reflect  .    (helmet restricted)
rElec   .          Harm     .    (no cloak)
rCorr   .          Rampage  .    (no gloves)
Will    .....                    (no boots)
Stlth   ..........               (no amulet)
HPRegen 0.11/turn                (no ring)
MPRegen 0.08/turn                (no ring)

@: mighty
A: horns 2, retaliatory headbutt
a: no special abilities


You were on level 2 of the Dungeon.
You visited 1 branch of the dungeon, and saw 2 of its levels.

You collected 33 gold pieces.

Inventory:

Hand Weapons
 a - a +0 long sword (weapon)
Armour
 b - a +0 scale mail (worn)
 c - a +0 buckler (worn)
Scrolls
 f - a scroll of teleportation {unknown}
 g - a scroll of amnesia {unknown}
 h - a scroll of poison {unknown}
 i - a scroll of identify {unknown}
Potions
 d - 2 potions of might
 e - a potion of haste {unknown}


   Skills:
 + Level 4.1 Fighting
 + Level 3.1 Long Blades
 + Level 4.2 Armour
 + Level 0.1 Dodging
 + Level 4.0 Shields


You had 2 spell levels left.
You didn't know any spells.
Your spell library was empty.

Dungeon Overview and Level Annotations

Branches:
Dungeon (2/15)

Altars:

Shops:
D:1 (

Annotations:
D:2 Natasha


Innate Abilities, Weirdness & Mutations

You have a pair of horns on your head.
You reflexively headbutt those who attack you in melee.


Message History

You are frozen.
You barely miss the endoplasm. The endoplasm barely misses you.
The endoplasm hits you.
You completely miss the endoplasm. You headbutt the endoplasm!
You kill the endoplasm!
No target in view!
Natasha, Servant of Life and Death comes into view.
She is carrying a wand of light (13).
Natasha is nearby!
Natasha hisses angrily.
You barely miss Natasha. You headbutt Natasha, but do no damage.
Natasha closely misses you. Natasha claws you.
You hit Natasha. Your headbutt misses Natasha.
Natasha is lightly wounded.
Natasha claws you but does no damage.
You hit Natasha.
Natasha is moderately wounded.
Natasha zaps a wand.
The bolt of light hits you!
You hit Natasha. Your headbutt misses Natasha.
Natasha is heavily wounded.
Natasha zaps a wand.
The bolt of light hits you!
* * * LOW HITPOINT WARNING * * *
You are too injured to fight recklessly!
You are too injured to fight recklessly!
You are too injured to fight recklessly!
You are too injured to fight recklessly!
You are too injured to fight recklessly!
You are too injured to fight recklessly!
You are too injured to fight recklessly!
You are too injured to fight recklessly!
You are too injured to fight recklessly!
You are too injured to fight recklessly!
You are too injured to fight recklessly!
You are too injured to fight recklessly!
You are too injured to fight recklessly!
You are too injured to fight recklessly!
You are too injured to fight recklessly!
You are too injured to fight recklessly!
You feel very mighty all of a sudden. Natasha claws you.
You die...

.................####.####
............####.##.......
...#..##..)## #.##.......
#..)....# #.##.#.###.
#......## #.......##.
####..<# #.......##. #)..#
#.......##. #..h#
#..#.......
#####..@######..#.##.##.
..............(.#.##.##.
................#.##....
.....).).......##.##.##.
#####...######........#.
#...# ##.#....... #.#.#
#....##.## #<..# #....##.#
#...# #....##.#


You could see Natasha.

Vanquished Creatures
  Natasha (D:2)
  2 endoplasms (D:2)
  3 giant cockroaches (D:1)
  3 goblins
  2 jackals (D:1)
  A bat (D:1)
  A frilled lizard (D:2)
  5 kobolds
18 creatures vanquished.

Notes
Turn   | Place    | Note
-------+----------+-------------------------------------------
     0 | D:1      | Iusername the Minotaur Fighter began the quest for the Orb.
     0 | D:1      | Reached XP level 1. HP: 19/19 MP: 0/0
   213 | D:1      | Found Gary's Antique Weapon Emporium.
   281 | D:1      | Reached XP level 2. HP: 27/27 MP: 1/1
   481 | D:2      | Noticed Natasha
   485 | D:2      | Killed Natasha
   486 | D:2      | Reached XP level 3. HP: 23/33 MP: 2/2
  1013 | D:2      | Noticed Natasha
  1021 | D:2      | Slain by Natasha

Illustrated notes

Levels and vault maps discovered:
D:1:      co_arrival_square_in_a_square_in_a_square, layout_rooms, serial_shops,
          shop, minmay_worlds_worst_comb
D:2:      layout_loops_cross, hellmonk_ecumenical_altar_heavens_door,
          uniq_natasha, uniq_robin

Skill      XL: |  1  2 |
---------------+-------+-----
Armour         | 4 |  4.2
Fighting       | 4 |  4.1
Long Blades    | 3 |  3.1
Shields        | 4 |  4.0
Dodging        | |  0.1

Action                   || total
-------------------------++-------
Melee: Long sword        ||    44
       Headbutt          ||     5
  Use: Potion            ||     1
Armor: Scale mail        ||    13
Dodge: Dodged            ||    16
Block: Buckler           ||     9

Table legend: (Time is in decaauts)
 A = Elapsed time spent in this place.
 B = Non-inter-level travel time spent in this place.
 C = Inter-level travel time spent in this place.
 D = Time resting spent in this place.
 E = Time spent auto-exploring this place.
 F = Levels seen in this place.
 G = Mean time per level.
                   A        B        C        D        E       F      G
               +--------+--------+--------+--------+--------+-----+--------+
         Total |   1034 |   1034 |      0 |    387 |    524 |   2 |  517.0 |
       Dungeon |   1034 |   1034 |      0 |    387 |    524 |   2 |  517.0 |
               +--------+--------+--------+--------+--------+-----+--------+

Top non-repeatable levels by time:
     D:2: 606 daAuts
     D:1: 428 daAuts
